cohdb
Replays
Latest Replays
All Replays
Popular Replays
Top Player Replays
Match Explorer
How It Works
Community
CoH3 Stats
Reddit
Sign in to upload your games and track your stats! →
Sign in with Steam
Match 46694971
Unlisted
Match 46694971
Overview
Messages
Build Orders
End
Panzergrenadier Squad
Panzergrenadier Squad
Panzergrenadier Squad
Selects Panzerjäger Kommand Battlegroup
Selects Blockade Equipment
Kradschützen Motorcycle Team
Construct Light Support Kompanie
Selects Tank Busters
2.5-tonne Medical Truck
Fire Support Elements
Assault Grenadier Squad
Selects Defensive Positions
Panzerjäger Squad
2.5-tonne Medical Truck
le.IG 18 Mechanized Group
Speedbird
MAGAt Stomper
louismiguelzacarias27
Tiiiinnnneeee
Stalinator
243437346
Shai Hulud
虔诚拜三拜
0
0
Comments
sign in to comment!
No comments posted yet!